 Dungeon Crawl Stone Soup version 0.17-a0-1497-g03599f7 (webtiles) character file.

199 WellDressedCM the Shooter (level 5, 0/35 HPs)
             Began as a High Elf Hunter on July 5, 2015.
             Was a Follower of Cheibriados.
             Succumbed to an adder's poison
             ... on level 3 of the Dungeon on July 6, 2015.
             The game lasted 00:26:14 (2724 turns).

WellDressedCM the Shooter (High Elf Hunter)         Turns: 2724, Time: 00:26:14

Health: 0/35       AC:  3    Str: 13    XL:     5   Next: 48%
Magic:  3/6        EV: 14    Int: 16    God:    Cheibriados [*.....]
Gold:   88         SH:  0    Dex: 19    Spells: 0 memorised, 4 levels left

rFire  . . .     SeeInvis .     c - +0 short sword
rCold  . . .     Clarity  .     f - +0 leather armour
rNeg   . . .     SustAt   .     (no shield)
rPois  .         Gourm    .     (no helmet)
rElec  .         Spirit   .     (no cloak)
rCorr  +         Warding  .     (no gloves)
rMut   .         Stasis   .     (no boots)
MR     .....                    h - amulet of resist corrosion
Stlth  ++........               (no ring)
                                (no ring)

@: lethally poisoned (0 -> -1), very slow, not resistant to hostile
enchantments, unstealthy
A: no striking features
a: Bend Time, Renounce Religion


You were on level 3 of the Dungeon.
You worshipped Cheibriados.
Cheibriados was aware of your devotion.
You were hungry.

You visited 1 branch of the dungeon, and saw 3 of its levels.

You collected 88 gold pieces.

Inventory:

Hand weapons
 a - a +1 shortbow
 c - a +0 short sword (weapon)
Missiles
 b - 32 arrows
 i - 4 javelins (quivered)
Armour
 f - a +0 leather armour (worn)
Jewellery
 h - an amulet of resist corrosion (around neck)
Magical devices
 j - a wand of slowing (14)
Scrolls
 g - 5 scrolls of identify
 k - a scroll of immolation
Comestibles
 d - 5 fruits
 e - 3 bread rations
 l - a chunk of flesh
 m - a beef jerky


   Skills:
 + Level 2.4 Fighting
 + Level 0.5 Short Blades
 * Level 7.1 Bows
 + Level 1.3 Armour
 + Level 4.0 Dodging
 + Level 1.3 Stealth


You had 4 spell levels left.
You didn't know any spells.

Dungeon Overview and Level Annotations

Branches:
Dungeon (3/15)

Altars:
Cheibriados


Message History

The adder bites you.
You hit the adder.
You kill the adder!
Cheibriados thoroughly appreciates the change of pace.
You barely miss the orc. The orc hits you but does no damage.
You hit the orc but do no damage.
You feel sick.
The orc hits you with a mace of protection.
* * * LOW HITPOINT WARNING * * *
The orc hits you with a mace of protection.
* * * LOW HITPOINT WARNING * * *
Wield which item (- for none, * to show all)? (? for menu, Esc to quit)
Okay, then.
Use which ability? (? or * to list)
The flow of time bends around you.
Cheibriados rebukes the orc.
The orc seems to slow down.
You feel slightly more hungry.
An orc comes into view. It is wielding a dagger.
The orc moves out of view.
The orc hits you with a falchion.
* * * LOW HITPOINT WARNING * * *
You die...

#.. #.. #.. #..
###.. #.# .... #.#
#.. #.#
#..####.#+##
#..oo.o....##
......#####.....##
# .##(#
##o.@....## ##.#
#( #.........#
##....###
.o.'.........+
.!.......
####.........#
##....###
##.......## ##.#
##.....## #
##...## ##'## .#


You could see 3 orcs.

Vanquished Creatures
  An orc priest (D:3)
  Ijyb (D:2)
  Natasha (twice) (D:3)
  2 adders (D:3)
  2 worms
  3 giant geckos
  5 orcs
  4 giant cockroaches
  13 hobgoblins
  A quokka (D:3)
  A ball python (D:1)
  9 bats
  5 giant newts
  9 goblins
  5 jackals
  9 kobolds
  5 rats
77 creatures vanquished.

Notes
Turn   | Place    | Note
--------------------------------------------------------------
     0 | D:1      | WellDressedCM the High Elf Hunter began the quest for the Orb.
     0 | D:1      | Reached XP level 1. HP: 14/14 MP: 2/2
   241 | D:1      | Reached XP level 2. HP: 9/19 MP: 3/3
   449 | D:1      | Reached skill level 6 in Bows
   855 | D:2      | Reached XP level 3. HP: 24/24 MP: 4/4
  1104 | D:2      | Upgraded the game from 0.17-a0-1485-g22cb0ee to 0.17-a0-1497-g03599f7
  1135 | D:2      | Noticed Ijyb
  1286 | D:2      | Killed Ijyb
  1286 | D:2      | Reached XP level 4. HP: 11/29 MP: 5/5
  1684 | D:2      | Found a snail-covered altar of Cheibriados.
  1722 | D:2      | Became a worshipper of Cheibriados the Contemplative
  1891 | D:3      | Reached skill level 1 in Armour
  2164 | D:3      | Reached XP level 5. HP: 7/35 MP: 6/6
  2175 | D:3      | Noticed Natasha
  2408 | D:3      | Killed Natasha
  2683 | D:3      | Noticed Natasha
  2687 | D:3      | Killed Natasha
  2687 | D:3      | Acquired Cheibriados's first power
  2687 | D:3      | Reached skill level 7 in Bows
  2723 | D:3      | HP: 1/35 [orc/falchion (3)]
  2724 | D:3      | Succumbed to an adder's poison

Vault maps used:
D:1:      grunt_arrival_crossed_arrows
D:2:      cheibriados_altar_wand_db, uniq_iyjb
D:3:      uniq_natasha

Action                   |  1- 3 |  4- 6 || total
-------------------------+-------+-------++-------
Melee: Short sword       |   129 |    83 ||   212
 Fire: Shortbow          |    63 |    45 ||   108
Invok: Bend Time         |       |     2 ||     2
  Use: Potion            |     4 |     1 ||     5
       Scroll            |     3 |     2 ||     5
 Stab: Invisible         |     1 |       ||     1
       Distracted        |     1 |       ||     1
  Eat: Chunk             |     1 |     5 ||     6
